 Dungeon Crawl Stone Soup version 0.30.1-3-gfc49f6343a (webtiles) character file.

Game seed: 12007672443684051011

172 H0rd4k the Charlatan (level 5, 0/57 HPs)
             Began as a Human Artificer on July 20, 2023.
             Slain by an orc wizard
             ... wielding a +0 dagger
              (1 damage)
             ... on level 4 of the Dungeon.
             The game lasted 00:02:52 (2645 turns).

H0rd4k the Charlatan (Human Artificer)              Turns: 2645, Time: 00:02:53

Health: 0/57       AC: 26    Str: 13    XL:     5   Next: 83%
Magic:  5/5        EV:  2    Int: 13    God:
Gold:   194        SH:  0    Dex: 15    Spells: 4/4 levels left

rFire   . . .        p - +2 dagger (holy)
rCold   . . .        (no shield)
rNeg    + . .        b - melded +0 leather armour
rPois   +            k - melded +0 helmet
rElec   .            (cloak currently unavailable)
rCorr   +            (gloves currently unavailable)
SInv    .            (boots currently unavailable)
Will    .....        u - amulet of magic regeneration
Stlth   ++           o - ring of resist corrosion
HPRegen 0.29/turn    z - ring of Fakile {+Blink rN+ AC+4 Dex+2}
MPRegen 0.49/turn

%: no passive effects
@: tree-form
A: stationary, stasis, torment immunity, boosted hp, inability to drink after
injury 1
a: Evoke Blink


You were on level 4 of the Dungeon.
You were a tree.
You visited 1 branch of the dungeon, and saw 4 of its levels.

You collected 194 gold pieces.

Inventory:

Hand Weapons
 p - a +2 dagger of holy wrath (weapon)
Missiles
 t - 3 poisoned darts
Armour
 b - a +0 leather armour (melded)
 k - a +0 helmet (melded)
Jewellery
 o - a ring of resist corrosion (left branch)
 u - an amulet of magic regeneration (around neck)
 y - a ring of willpower
 z - the ring of Fakile (right branch) {+Blink rN+ AC+4 Dex+2}
   (You found it on level 4 of the Dungeon)

   [ring of protection]

   AC:        It affects your AC (+4).
   Dex:       It affects your dexterity (+2).
   rN:        It protects you from negative energy.
   +Blink:    It lets you blink.
Wands
 c - a wand of flame (9) (quivered)
 d - a wand of charming (14)
 e - a wand of iceblast (5)
Scrolls
 a - a scroll of fear {unknown}
 f - a scroll of enchant weapon {unknown}
 l - a scroll of summoning {unknown}
 m - a scroll of vulnerability {unknown}
 n - 3 scrolls of teleportation {unknown}
 q - a scroll of silence {unknown}
 r - 4 scrolls of identify {unknown}
 s - 2 scrolls of magic mapping {unknown}
 w - a scroll of amnesia {unknown}
 x - a scroll of poison {unknown}
Potions
 g - a potion of flight {unknown}
 h - a potion of mutation
 i - 2 potions of lignification
 j - 3 potions of curing
 v - a potion of experience {unknown}
 A - a potion of heal wounds {unknown}


   Skills:
 + Level 2.2 Fighting
 + Level 2.2 Short Blades
 - Level 1.3 Maces & Flails
 - Level 2.0 Armour
 + Level 2.5 Dodging
 + Level 1.7 Stealth
 + Level 3.6 Evocations


You had 4 spell levels left.
You didn't know any spells.
Your spell library was empty.

Dungeon Overview and Level Annotations

Branches:
Dungeon (4/15)
 Temple: D:4-7

Altars:


Innate Abilities, Weirdness & Mutations

You are a tree.
Your roots penetrate the ground, keeping you stationary.
You cannot be teleported.
You are immune to unholy pain and torment.
Your maximum health is greatly increased.
Your equipment is partially melded.
You occasionally lose the ability to drink potions when taking damage.


Message History

The endoplasm hits you but does no damage.
The orc wizard hits you with a +0 dagger.
* * * LOW HITPOINT WARNING * * *
You bump into the rock wall.
The orc wizard hits you but does no damage.
The endoplasm freezes you.
You are frozen.
* * * LOW HITPOINT WARNING * * *
It was a potion of mutation.
You feel extremely strange.
You occasionally lose the ability to drink potions when taking damage.
The orc wizard hits you but does no damage.
The endoplasm completely misses you.
It was a potion of lignification.
You turn into a tree.
Your +0 helmet melds into your body.
Your +0 leather armour melds into your body.
Your roots penetrate the ground.
The orc wizard hits you with a +0 dagger.
* * * LOW HITPOINT WARNING * * *
The endoplasm freezes you.
You are frozen.
* * * LOW HITPOINT WARNING * * *
It was a potion of curing.
You feel better.
The endoplasm hits you but does no damage.
The orc wizard hits you but does no damage.
You hit the orc wizard.
The orc wizard is heavily wounded.
The orc wizard hits you with a +0 dagger.
* * * LOW HITPOINT WARNING * * *
The endoplasm hits you but does no damage.
You hit the orc wizard.
The orc wizard is severely wounded.
The endoplasm freezes you.
You are frozen.
* * * LOW HITPOINT WARNING * * *
The orc wizard hits you with a +0 dagger.
* * * LOW HITPOINT WARNING * * *
You hit the orc wizard.
The orc wizard is severely wounded.
The orc wizard hits you with a +0 dagger.
You die...

# #.............
#
######.........##
#
#......#######.#
. ...####.# .# #
#..####.# .# #
#......># #
#..####.# #o#
#♣#######.#
#.J.......#
###.####### ...#
##..# #..# #..#
#g.# #..#


You could see an orc wizard and an endoplasm.

Vanquished Creatures
  An iguana (D:4)
  A gnoll (D:1)
  6 adders
  3 worms
  2 dart slugs
  An orc (D:4)
  5 bats
  2 endoplasms
  3 giant cockroaches
  7 goblins
  3 hobgoblins (D:1)
  6 jackals (D:1)
  6 kobolds
  4 quokkas
  5 ball pythons
  2 frilled lizards (D:2)
  4 rats
61 creatures vanquished.

Vanquished Creatures (collateral kills)
  An orc (D:4)
1 creature vanquished.

Vanquished Creatures (others)
  An orc wizard (D:4)
1 creature vanquished.

Grand Total: 63 creatures vanquished

Notes
Turn   | Place    | Note
-------+----------+-------------------------------------------
     0 | D:1      | H0rd4k the Human Artificer began the quest for the Orb.
     0 | D:1      | Reached XP level 1. HP: 15/15 MP: 1/1
   134 | D:1      | Reached XP level 2. HP: 21/21 MP: 2/2
   446 | D:1      | Reached skill level 1 in Maces & Flails
   446 | D:1      | Reached XP level 3. HP: 13/26 MP: 3/3
   963 | D:2      | Reached XP level 4. HP: 26/32 MP: 4/4
  1047 | D:2      | Found a faded altar of an unknown god.
  1351 | D:2      | Reached skill level 1 in Short Blades
  1699 | D:3      | Reached XP level 5. HP: 38/38 MP: 5/5
  2567 | D:4      | Identified the ring of Fakile {+Blink rN+ AC+4 Dex+2}
  2640 | D:4      | Gained mutation: You occasionally lose the ability to drink
                  | potions when taking damage. [potion of mutation]
  2644 | D:4      | HP: 1/57 [orc wizard/+0 dagger (2)]
  2645 | D:4      | Slain by an orc wizard

Illustrated notes

Levels and vault maps discovered:
D:1:      eino_arrival_tree_alley, layout_rooms, chequers_arboretum
D:2:      layout_rooms, ebering_ecumenical_altar_webs, minmay_ruptured
D:3:      wad_lake_hut, layout_basic
D:4:      layout_loops_ring, mainiacjoe_overflow_alcove_1, portal_sewer_entry_a

Skill      XL: |  1  2  3  4  5 |
---------------+----------------+-----
Maces & Flails | 1 |  1.3
Dodging        | 2 |  2.5
Short Blades   | 1 2 |  2.2
Fighting       | 2 |  2.2
Armour         | |  2.0
Stealth        | |  1.7
Evocations     | |  3.6

Action                     |  1- 3 |  4- 6 || total
---------------------------+-------+-------++-------
  Melee: Club              |    28 |       ||    28
         Mace              |    60 |       ||    60
         Punch             |     3 |     2 ||     5
         Dagger            |    24 |   171 ||   195
  Evoke: Wand              |     3 |     4 ||     7
    Use: Potion            |       |     3 ||     3
   Stab: Sleeping          |     2 |     2 ||     4
 Armour: Leather armour    |    26 |    72 ||    98
         Skin              |       |     3 ||     3
  Dodge: Dodged            |    74 |   110 ||   184
